[Event "Team 45 45 League T58"]
[Site "Internet Chess Club"]
[Date "2013.09.28"]
[Round "6"]
[White "Tobiasdelmonte"]
[Black "TwoEqualsOne"]
[Result "1-0"]
[WhiteElo "1839"]
[BlackElo "1855"]
[Opening "Sicilian"]
[ECO "B50"]
[Time "21:00:42"]
[TimeControl "2700+45"]

1. e4 c5 2. Nf3 d6 3. Nc3 g6 4. d4 cxd4 5. Qxd4 Nf6 6. e5 dxe5 7. Qxd8+ Kxd8 8.
Nxe5 Be6 9. Bg5 Bg7 10. O-O-O+ Kc8 11. Bb5 h6 12. Bh4 g5 13. Bg3 Nh5 14. Rhe1
Nxg3 15. hxg3 a6 16. Ba4 Rd8 17. f4 Rxd1+ 18. Nxd1 Bxe5 19. Rxe5 gxf4 20. gxf4
b5 21. Bb3 Bxb3 22. axb3 Nc6 23. Rh5 Kb7 24. Rxh6 Rg8 25. Ne3 Rg7 26. Kd2 Nd4
27. Kd3 Ne6 28. Rh4 Rg3 29. b4 Ng7 30. Rh3 Rg6 31. Rh7 Rd6+ 32. Ke2 Rg6 33. g4
Kc6 34. Kf3 Kd6 35. Rxg7 {Black resigns} 1-0

[Event "Team 45 45 League T58"]
[Site "Internet Chess Club"]
[Date "2013.10.01"]
[Round "6"]
[White "latayvia"]
[Black "scottk74"]
[Result "0-1"]
[WhiteElo "1663"]
[BlackElo "1704"]
[Opening "Benkö gambit accepted"]
[ECO "A58"]
[Time "20:00:10"]
[TimeControl "2700+45"]

1. d4 Nf6 2. c4 c5 3. d5 b5 4. cxb5 a6 5. bxa6 Bxa6 6. Nc3 d6 7. g3 g6 8. Bg2
Bg7 9. Nf3 Nbd7 10. Rb1 O-O 11. O-O Nb6 12. b3 c4 13. b4 Bb7 14. e4 Nbd7 15. Qc2
Ng4 16. a3 Nge5 17. Ne1 Qc7 18. Nb5 Qb6 19. a4 Ba6 20. Be3 Qb7 21. Nd4 Qc7 22.
b5 Bb7 23. Nef3 Qa5 24. Ra1 Rfc8 25. Nc6 Nxf3+ 26. Bxf3 Bxc6 27. dxc6 Ne5 28.
Be2 Nxc6 29. bxc6 Bxa1 30. Rxa1 Rxc6 31. Bf3 c3 32. e5 d5 33. Qd3 e6 34. Be2
Rac8 35. Qb5 Qc7 36. Bf4 c2 37. Qd3 Rc3 38. Qd2 d4 39. Rc1 d3 40. Bf3 Rd8 41.
Bg5 Rc8 42. Bf6 Qc5 43. a5 Rb8 44. a6 Rb1 45. Kg2 Rxc1 46. a7 Ra1 47. Be7 {White
resigns} 0-1

[Event "Team 45 45 League T58"]
[Site "Internet Chess Club"]
[Date "2013.09.29"]
[Round "6"]
[White "fireball"]
[Black "Moondog"]
[Result "1-0"]
[WhiteElo "1761"]
[BlackElo "1661"]
[Opening "Réti opening"]
[ECO "A05"]
[Time "16:02:14"]
[TimeControl "2700+45"]

1. Nf3 Nf6 2. d3 d5 3. g3 c5 4. Bg2 Nc6 5. O-O g6 6. c4 d4 7. Nbd2 Bg7 8. Nb3
Qd6 9. Bf4 e5 10. Bd2 O-O 11. Ng5 Bf5 12. f4 Qe7 13. e4 dxe3 14. Bxe3 Nd4 15.
fxe5 Ng4 16. Bd2 Bxd3 17. Qxg4 Bxf1 18. Rxf1 Qxe5 19. Bxb7 Nxb3 20. axb3 Qd4+
21. Qxd4 Bxd4+ 22. Kg2 Rae8 23. Bc3 Bxc3 24. bxc3 Re7 25. Bd5 Kg7 26. Ne4 Rc7
27. Ra1 f5 28. Ng5 {Black resigns} 1-0

[Event "Team 45 45 League T58"]
[Site "Internet Chess Club"]
[Date "2013.09.28"]
[Round "6"]
[White "mmf00"]
[Black "fledermaus"]
[Result "1-0"]
[WhiteElo "1993"]
[BlackElo "1929"]
[Opening "Sicilian defense"]
[ECO "B40"]
[Time "10:05:29"]
[TimeControl "2700+45"]

1. e4 c5 2. Nf3 e6 3. c3 Ne7 4. d4 cxd4 5. cxd4 d5 6. e5 Nbc6 7. Be3 Nf5 8. Nc3
Be7 9. Bd3 Nxe3 10. fxe3 O-O 11. O-O f6 12. exf6 Bxf6 13. Rc1 Qe7 14. Bb1 Bd7
15. Qd3 g6 16. e4 dxe4 17. Nxe4 Rad8 18. Nxf6+ Rxf6 19. Qe4 Rdf8 20. d5 exd5 21.
Qxe7 Nxe7 22. Rc7 Rd8 23. Rxb7 Nc6 24. Bc2 Bg4 25. Ba4 Bxf3 26. Rxf3 Rxf3 27.
gxf3 Ne5 28. Rxa7 d4 29. Re7 Nxf3+ 30. Kg2 Nh4+ 31. Kf2 Rd6 32. Rd7 Rf6+ 33. Ke2
Nf5 34. Bc2 Rb6 35. b3 Re6+ 36. Kd2 Nh4 37. Bd1 Nf5 38. Bg4 Ra6 39. Bxf5 gxf5
40. a4 Rh6 41. Rxd4 Rxh2+ 42. Kc3 Kf7 43. a5 Re2 44. a6 Re8 45. b4 Ke6 46. b5 f4
47. Re4+ {Black resigns} 1-0

[Event "Team 45 45 League T58"]
[Site "Internet Chess Club"]
[Date "2013.09.29"]
[Round "6"]
[White "kabindra"]
[Black "Nxs123"]
[Result "1-0"]
[WhiteElo "1882"]
[BlackElo "1554"]
[Opening "French: Tarrasch, open variation"]
[ECO "C07"]
[Time "14:00:42"]
[TimeControl "2700+45"]

1. e4 e6 2. d4 d5 3. Nd2 c5 4. c3 Nc6 5. Ngf3 cxd4 6. cxd4 Bb4 7. e5 Nge7 8. a3
Ba5 9. b4 Bb6 10. Nb3 O-O 11. Bd3 a6 12. O-O h6 13. Bc2 f5 14. exf6 Rxf6 15. Qd3
Nf5 16. Bb2 Bd7 17. Nc5 Rb8 18. Ne5 Nxe5 19. dxe5 Rg6 20. Qh3 Bxc5 21. bxc5 Qf8
22. Rac1 Rg5 23. Bd3 Rc8 24. f4 Rg6 25. Bxf5 exf5 26. Bd4 Rgc6 27. Qe3 Be6 28.
Rb1 R6c7 29. Rb6 Qf7 30. Rfb1 Ra8 31. Qb3 Ra7 32. Rd6 Ra8 33. Qb6 Re7 34. Qa5
Rd7 35. Rbb6 Rxd6 36. exd6 Qd7 37. Qb4 a5 38. Qb2 Rb8 39. c6 Qxd6 40. Be5 Qc5+
41. Bd4 Qe7 42. cxb7 Qe8 43. Bxg7 Kh7 44. Be5 Bf7 45. Qf2 Qa4 46. h3 Qd1+ 47.
Kh2 Qh5 48. Bxb8 d4 49. Be5 d3 50. b8=Q Be8 51. Rb7+ {Black resigns} 1-0

[Event "Team 45 45 League T58"]
[Site "Internet Chess Club"]
[Date "2013.09.26"]
[Round "6"]
[White "leland"]
[Black "JustinL"]
[Result "0-1"]
[WhiteElo "1896"]
[BlackElo "2039"]
[Opening "Petrov: classical attack"]
[ECO "C42"]
[Time "19:00:37"]
[TimeControl "2700+45"]

1. e4 e5 2. Nf3 Nf6 3. Nxe5 d6 4. Nf3 Nxe4 5. d4 Be7 6. Bd3 d5 7. h3 O-O 8. Bf4
Nc6 9. O-O f5 10. c3 g5 11. Bh2 f4 12. Qb3 Kh8 13. Re1 g4 14. hxg4 Bxg4 15. Bxe4
dxe4 16. Rxe4 Bxf3 17. gxf3 Bd6 18. Qb5 Qh4 19. Qf1 Rg8+ 20. Kh1 Raf8 21. Nd2
Rf5 22. Qe2 Rh5 23. Nf1 Qh3 {White resigns} 0-1

[Event "Team 45 45 League T58"]
[Site "Internet Chess Club"]
[Date "2013.09.27"]
[Round "6"]
[White "spuzzy"]
[Black "LiangLiang"]
[Result "1/2-1/2"]
[WhiteElo "1828"]
[BlackElo "1907"]
[Opening "Ruy Lopez: 5.O-O"]
[ECO "C78"]
[Time "19:00:42"]
[TimeControl "2700+45"]

1. e4 e5 2. Nf3 Nc6 3. Bb5 a6 4. Ba4 Nf6 5. O-O b5 6. Bb3 Bc5 7. a4 Rb8 8. axb5
axb5 9. Nxe5 Nxe5 10. d4 Bxd4 11. Qxd4 d6 12. f4 Nc6 13. Qc3 Ne7 14. Qd3 O-O 15.
Nc3 c6 16. Ra7 Rb7 17. Ra8 Qc7 18. e5 dxe5 19. fxe5 Qxe5 20. Bf4 Qf5 21. Qd2 Qd7
22. Qe2 Nf5 23. Rd1 Qe7 24. Qf3 Rd7 25. Rxd7 Qe1+ 26. Qf1 Qxf1+ 27. Kxf1 Bxd7
28. Ra7 h6 29. Be5 Ng4 30. Bxg7 Rd8 31. h3 Nge3+ 32. Ke2 Kxg7 33. g4 Nxg4 34.
hxg4 Nd4+ 35. Kf2 Nxb3 36. cxb3 Bxg4 37. Ne4 Bf5 38. Nc5 Rd2+ 39. Ke3 Rxb2 40.
Rc7 Bc2 41. Rxc6 Bxb3 42. Rb6 Bc4 43. Nd7 Re2+ 44. Kf3 Re6 45. Rb8 Bd5+ 46. Kf4
Rd6 47. Ne5 Bc4 48. Ng4 Be2 49. Ne3 Rf6+ 50. Ke5 Re6+ 51. Kf4 Rc6 52. Nf5+ Kf6
53. Nxh6 Kg6 54. Ng8 Re6 55. Rb7 Bc4 56. Ne7+ Kg7 57. Nf5+ Kf6 58. Ne3 Rc6 59.
Ng4+ Ke6 60. Ne5 Rc5 61. Rb6+ Kd5 62. Nxf7 Kd4 63. Nd6 Kd3 64. Nxb5 Bxb5 65.
Rd6+ {Game drawn by mutual agreement} 1/2-1/2

[Event "Team 45 45 League T58"]
[Site "Internet Chess Club"]
[Date "2013.10.05"]
[Round "6"]
[White "joebobpop"]
[Black "IshanR"]
[Result "0-1"]
[WhiteElo "1760"]
[BlackElo "1917"]
[Opening "Ruy Lopez: Schliemann defense, Berger variation"]
[ECO "C63"]
[Time "22:01:24"]
[TimeControl "2700+45"]

1. e4 e5 2. Nf3 Nc6 3. Bb5 f5 4. Nc3 fxe4 5. Nxe4 Nf6 6. Nxf6+ Qxf6 7. O-O Bc5
8. Bxc6 bxc6 9. Nxe5 O-O 10. Nf3 d5 11. d4 Bd6 12. Bg5 Qg6 13. Bh4 Bg4 14. Bg3
Qh5 15. c3 Rxf3 16. gxf3 Bxf3 17. Qd3 Rf8 18. h4 Qg4 19. Rfc1 Qh3 20. Qf1 Qh1#
{White checkmated} 0-1

[Event "Team 45 45 League T58"]
[Site "Internet Chess Club"]
[Date "2013.09.29"]
[Round "6"]
[White "ScotchYeti"]
[Black "DouDou"]
[Result "0-1"]
[WhiteElo "1657"]
[BlackElo "1915"]
[Opening "Ruy Lopez: Wormald (Alapin) attack"]
[ECO "C77"]
[Time "14:30:41"]
[TimeControl "2700+45"]

1. e4 e5 2. Nf3 Nc6 3. Bb5 a6 4. Ba4 Nf6 5. Qe2 b5 6. Bb3 Bc5 7. c3 d6 8. d3 O-O
9. Nbd2 Bg4 10. O-O Qd7 11. Rd1 Rfe8 12. Nf1 h6 13. Ne3 Be6 14. Nd5 Bxd5 15.
Bxd5 Nxd5 16. exd5 Ne7 17. c4 b4 18. b3 Nf5 19. Nd2 Nd4 20. Qh5 c6 21. dxc6 Qxc6
22. Ne4 Re6 23. Bb2 Rg6 24. Rd2 Re8 25. Rc1 Ree6 26. Bxd4 Bxd4 27. Rdc2 Kh8 28.
Qf3 Ref6 29. Qh3 Rf4 30. Kf1 f5 31. g3 Rf3 32. Qh5 fxe4 33. Qxg6 exd3 34. Rd2
Rxf2+ 35. Rxf2 Qh1# {White checkmated} 0-1

[Event "Team 45 45 League T58"]
[Site "Internet Chess Club"]
[Date "2013.09.29"]
[Round "6"]
[White "steadman"]
[Black "kyoroogi"]
[Result "1/2-1/2"]
[WhiteElo "2113"]
[BlackElo "2151"]
[Opening "Benkö gambit half accepted"]
[ECO "A57"]
[Time "17:00:41"]
[TimeControl "2700+45"]

1. d4 Nf6 2. c4 c5 3. d5 b5 4. cxb5 a6 5. e3 Bb7 6. Nc3 Qa5 7. Bd2 axb5 8. Bxb5
Qb6 9. Nf3 Nxd5 10. Nxd5 Bxd5 11. a4 e6 12. Bc3 Be7 13. O-O Qb7 14. Ne1 O-O 15.
Qg4 f6 16. Nd3 Bc6 17. Bxc6 Nxc6 18. Rfd1 Nb4 19. Nf4 Qc6 20. b3 Rab8 21. Rd2
Na6 22. Rad1 Rb7 23. h4 Rf7 24. h5 f5 25. Qg3 d5 26. h6 Bf6 27. Bxf6 Rxf6 28.
hxg7 Rxg7 29. Qh4 {Game drawn by mutual agreement} 1/2-1/2

[Event "Team 45 45 League T58"]
[Site "Internet Chess Club"]
[Date "2013.09.29"]
[Round "6"]
[White "Otelo"]
[Black "CHENENE"]
[Result "1/2-1/2"]
[WhiteElo "1806"]
[BlackElo "1632"]
[Opening "Sicilian: Grand Prix attack"]
[ECO "B23"]
[Time "18:56:41"]
[TimeControl "2700+45"]

1. e4 c5 2. Nc3 Nc6 3. f4 d6 4. Nf3 g6 5. Bc4 Bg7 6. d3 e6 7. f5 exf5 8. O-O
Nge7 9. Qe1 O-O 10. Qh4 h5 11. Bg5 Qc7 12. Rae1 fxe4 13. dxe4 Be6 14. Nd5 Bxd5
15. exd5 Nf5 16. Qf4 Ncd4 17. Nxd4 Bxd4+ 18. Kh1 Bxb2 19. Bd3 Qd7 20. g4 Ng7 21.
gxh5 Nxh5 22. Qf3 Rfe8 23. Rb1 Bd4 24. Bb5 Qc7 25. Bxe8 Rxe8 26. Rbe1 Rxe1 27.
Rxe1 Be5 28. Rf1 b5 29. Qb3 a6 30. Qf3 Qd7 31. Rg1 b4 32. Be3 Kh7 33. Rg5 Bg7
34. Rg1 a5 35. Rf1 Qe7 36. Bd2 f5 37. Re1 Qf6 38. Re6 Qa1+ 39. Kg2 Be5 40. Qe3
Nf4+ 41. Kf2 Nxe6 42. Qh6+ Kg8 43. dxe6 Bd4+ 44. Ke2 Qg1 {Game drawn by mutual
agreement} 1/2-1/2

[Event "Team 45 45 League T58"]
[Site "Internet Chess Club"]
[Date "2013.09.28"]
[Round "6"]
[White "primerpaso"]
[Black "alexping"]
[Result "1-0"]
[WhiteElo "1958"]
[BlackElo "1837"]
[Opening "English: Carls' Bremen system"]
[ECO "A22"]
[Time "11:01:16"]
[TimeControl "2700+45"]

1. c4 e5 2. Nc3 Nf6 3. g3 Nc6 4. Bg2 d6 5. e3 Bg4 6. Nge2 Qd7 7. O-O Bh3 8. Bxh3
Qxh3 9. f3 h5 10. d3 g5 11. Nd5 Nxd5 12. cxd5 Ne7 13. e4 Bh6 14. Kh1 Ng6 15. Be3
Qd7 16. Qd2 f6 17. Rac1 O-O 18. f4 exf4 19. gxf4 g4 20. Ng3 f5 21. Nxh5 Nh4 22.
Bd4 Nf3 23. Rxf3 gxf3 24. Qf2 fxe4 25. dxe4 Qh3 26. Qg1+ Kh7 27. Rxc7+ {Black
resigns} 1-0

[Event "Team 45 45 League T58"]
[Site "Internet Chess Club"]
[Date "2013.09.29"]
[Round "6"]
[White "bobhill"]
[Black "Baseta"]
[Result "1/2-1/2"]
[WhiteElo "1907"]
[BlackElo "1811"]
[Opening "Queen's bishop game"]
[ECO "D02"]
[Time "16:05:40"]
[TimeControl "2700+45"]

1. d4 d5 2. Nf3 Nf6 3. Bf4 e6 4. e3 c5 5. c3 Be7 6. Bd3 O-O 7. Nbd2 Nbd7 8. O-O
Re8 9. Ne5 Nxe5 10. Bxe5 Nd7 11. Nf3 Nxe5 12. Nxe5 f5 13. f4 Bd6 14. Qh5 Bxe5
15. fxe5 Qe7 16. g4 g6 17. Qh6 b6 18. h4 Qg7 19. Qf4 Rf8 20. g5 a5 21. Rf2 Ba6
22. Bc2 Kf7 23. Rh2 Rh8 24. Kf2 h5 25. Kg3 Rhc8 26. Re1 Kg8 27. Rf2 Rc7 28. a3
c4 29. Qf3 b5 30. Qd1 b4 31. Qa1 bxc3 32. bxc3 Rb8 33. Rb1 Rcb7 34. Rff1 Qe7 35.
Rxb7 Rxb7 36. Rb1 Kf7 37. Rxb7 Qxb7 38. Qb1 Qxb1 39. Bxb1 Bb5 40. Kf3 Ba4 41.
Ke2 Ke7 42. Kd2 Kd7 43. Ke2 Ke7 44. Ba2 Bc2 45. Kd2 Bd3 46. Kc1 Kd7 47. Kb2 Kc6
48. a4 Kd7 49. Kc1 Kc6 50. Kd2 Kd7 51. Kc1 Kc6 52. Kb2 Kd7 53. Bb1 Bxb1 54. Kxb1
Kc6 55. Kc2 {Game drawn by mutual agreement} 1/2-1/2

[Event "Team 45 45 League T58"]
[Site "Internet Chess Club"]
[Date "2013.09.28"]
[Round "6"]
[White "byebyebadman"]
[Black "Stryker672"]
[Result "1/2-1/2"]
[WhiteElo "1831"]
[BlackElo "2039"]
[Opening "Ruy Lopez: Berlin defense, Beverwijk variation"]
[ECO "C64"]
[Time "04:30:44"]
[TimeControl "2700+45"]

1. e4 e5 2. Nf3 Nc6 3. Bb5 Bc5 4. O-O Nf6 5. Nxe5 Nxe4 6. Qe2 Nxe5 7. d4 Bxd4 8.
Qxe4 Qf6 9. c3 Bc5 10. Bf4 Bd6 11. Re1 O-O 12. Bxe5 Bxe5 13. Qxe5 Qxe5 14. Rxe5
c6 15. Bf1 f6 16. Re7 Rd8 17. Nd2 Kf8 18. Rae1 d5 19. Rc7 Rd7 20. Rxd7 Bxd7 21.
Bd3 g6 22. Nf1 Kf7 23. Ne3 a5 24. f4 b5 25. a3 Rb8 26. Nc2 c5 27. Bf1 Bc6 28. g3
b4 29. axb4 axb4 30. cxb4 Ba4 31. Ne3 Rxb4 32. Nxd5 Rxb2 33. Re7+ Kf8 34. Ra7
Bc2 35. Nxf6 h5 36. Rd7 Rb1 37. Kg2 Bf5 38. Bc4 Bxd7 39. Nxd7+ {Game drawn by
mutual agreement} 1/2-1/2

[Event "Team 45 45 League T58"]
[Site "Internet Chess Club"]
[Date "2013.09.28"]
[Round "6"]
[White "kidcobra"]
[Black "MrShaw"]
[Result "0-1"]
[WhiteElo "1784"]
[BlackElo "1836"]
[Opening "French: exchange variation"]
[ECO "C01"]
[Time "15:20:30"]
[TimeControl "2700+45"]

1. e4 e6 2. d4 d5 3. exd5 exd5 4. Nf3 Bd6 5. Bd3 Bg4 6. Nc3 Ne7 7. Be3 Nbc6 8.
O-O Qd7 9. Bg5 f6 10. Bh4 O-O-O 11. Bg3 Nxd4 12. Bxd6 Qxd6 13. Be2 Nxe2+ 14.
Qxe2 Rhe8 15. Rfe1 Bh5 16. Nb5 Qa6 17. c4 Nc6 18. Qd3 Bxf3 19. Rxe8 Rxe8 20.
gxf3 dxc4 21. Qxc4 Qb6 22. Rd1 Ne5 23. Qd5 a6 24. Nc3 Qc6 25. Qxc6 Nxc6 26. Ne4
Re5 27. Kg2 h6 28. a3 f5 29. Nc3 g5 30. Nd5 Ne7 31. Nf6 Re6 32. Ne8 Ng6 33. Ng7
Re5 34. Nh5 Re2 35. Ng7 Nh4+ 36. Kf1 Re7 37. Nh5 Nxf3 38. Nf6 Nxh2+ 39. Kg2 Re6
40. Ng8 Ng4 41. Rc1 b6 42. Kg3 Kd8 43. f3 Ne3 44. b4 Rg6 45. Re1 f4+ 46. Kh3
Rxg8 47. b5 axb5 48. a4 h5 49. a5 g4+ 50. fxg4 hxg4+ 51. Kh2 bxa5 52. Re2 Rh8+
53. Kg1 g3 54. Rd2+ Kc8 55. Rd6 Rd8 56. Rxd8+ Kxd8 57. Kh1 a4 58. Kg1 a3 59. Kh1
a2 60. Kg1 a1=Q# {White checkmated} 0-1

[Event "Team 45 45 League T58"]
[Site "Internet Chess Club"]
[Date "2013.09.29"]
[Round "6"]
[White "Megasus"]
[Black "hood"]
[Result "0-1"]
[WhiteElo "1523"]
[BlackElo "1848"]
[Opening "Grünfeld: Three knights variation"]
[ECO "D90"]
[Time "22:33:27"]
[TimeControl "2700+45"]

1. Nf3 Nf6 2. d4 g6 3. c4 Bg7 4. Nc3 d5 5. b3 O-O 6. Bb2 c5 7. e3 Bg4 8. h3 Bxf3
9. Qxf3 cxd4 10. exd4 dxc4 11. bxc4 Nc6 12. Ne2 Nb4 13. Qb3 Nc6 14. d5 Na5 15.
Qd3 Rc8 16. Rc1 b6 17. Nd4 Nd7 18. Qd2 Ne5 19. Qb4 Nb7 20. Be2 Nc5 21. Qa3 Qd6
22. O-O Ncd3 23. Bxd3 Qxa3 24. Bxa3 Nxd3 25. Nc6 Nxc1 26. Nxe7+ Kh8 27. Nxc8
Ne2+ 28. Kh1 Rxc8 29. Re1 Nd4 30. d6 Ne6 31. d7 Rd8 32. Rd1 Bd4 33. g3 Rxd7 34.
Kg2 Rc7 35. Rc1 a6 36. Bd6 Rc6 37. Be7 b5 38. c5 h5 39. Rd1 Kg7 40. Kf3 Bxc5 41.
Rc1 Rc7 42. Bxc5 Rxc5 43. Rxc5 Nxc5 44. Ke3 Na4 45. Kd4 Kf6 46. f3 Ke6 47. f4 f6
48. a3 Nb2 49. Kc5 Nc4 50. a4 Nd6 51. axb5 axb5 52. Kb4 Kd5 {White resigns} 0-1

[Event "Team 45 45 League T58"]
[Site "Internet Chess Club"]
[Date "2013.09.28"]
[Round "6"]
[White "MisterDoob"]
[Black "yummy2"]
[Result "0-1"]
[WhiteElo "2278"]
[BlackElo "2339"]
[Opening "QGD Slav: 4.Nc3"]
[ECO "D15"]
[Time "14:00:46"]
[TimeControl "2700+45"]

1. d4 d5 2. c4 c6 3. Nf3 Nf6 4. Nc3 a6 5. e3 g6 6. Bd3 Bg7 7. O-O O-O 8. Bd2 e6
9. Ne2 Nbd7 10. Qc2 Re8 11. cxd5 exd5 12. Ng3 Qe7 13. a3 a5 14. Bc3 Nb6 15. b3
Ne4 16. Bxe4 dxe4 17. Nd2 f5 18. Nc4 Nxc4 19. bxc4 Be6 20. c5 a4 21. Qd2 Red8
22. Ba5 Rd7 23. Rac1 Qf7 24. Qb4 Bb3 25. Rfe1 h5 26. Ne2 h4 27. Nf4 g5 28. Nh3
Qf6 29. Qd2 Bh6 30. Bc3 Bd5 31. Qe2 Qg6 32. Kh1 Rf8 33. g3 hxg3 34. fxg3 Rh7 35.
Rb1 Bg7 36. Qg2 Rf7 37. Nf2 Bf6 38. Rb4 Bb3 39. Re2 Bd8 40. Kg1 Qe6 41. Re1 Ba5
42. Rxb3 axb3 43. Bxa5 b2 44. Bc3 Qb3 45. Bxb2 Qxb2 46. g4 Qc3 47. Qf1 Rh4 48.
gxf5 Rxf5 49. Qe2 Rf3 50. Qa2+ Kf8 51. Qe2 Ke7 52. Kg2 Qxa3 53. Kg1 Qc3 54. Nh1
Kd8 55. Ng3 Kc7 56. Kg2 g4 57. Kg1 Rh3 58. Kg2 Rh8 59. Kg1 Re8 60. Kg2 Qb3 61.
Kg1 Ra8 62. Nxe4 Re8 63. Nd2 Qxe3+ {White resigns} 0-1

[Event "Team 45 45 League T58"]
[Site "Internet Chess Club"]
[Date "2013.09.29"]
[Round "6"]
[White "ARuperez"]
[Black "Matusalen"]
[Result "1/2-1/2"]
[WhiteElo "2133"]
[BlackElo "2182"]
[Opening "Sicilian defense"]
[ECO "B40"]
[Time "09:04:43"]
[TimeControl "2700+45"]

1. e4 c5 2. Nf3 e6 3. c3 Nf6 4. e5 Nd5 5. d4 cxd4 6. cxd4 d6 7. Bc4 Nc6 8. O-O
Be7 9. Qe2 O-O 10. Rd1 Bd7 11. Nc3 Nxc3 12. bxc3 Qa5 13. Rb1 Qc7 14. exd6 Bxd6
15. Bd3 Rac8 16. c4 b6 17. c5 bxc5 18. dxc5 Be7 19. Bb2 Rfd8 20. Bc3 Be8 21. h3
Rd5 22. Qe4 g6 23. Ba6 Rcd8 24. Rxd5 Rxd5 25. Rb7 Qd8 26. Be2 Bxc5 27. Qf4 Be7
28. Qh6 Bf6 29. Bxf6 Qxf6 30. Qc1 a5 31. Rc7 Ne7 32. a3 Kg7 33. Bc4 Rd8 34. Ra7
Nc6 35. Rc7 Ne5 36. Be2 Nd3 37. Qe3 Nf4 38. Bc4 Nd5 39. Bxd5 Rxd5 40. Rc8 Bb5
41. Rc5 Rd1+ 42. Kh2 Rd3 43. Qe4 Rd5 44. Rxd5 Bc6 45. Qd4 Bxd5 46. Ne5 h5 47.
Kg1 g5 48. Qc3 a4 49. f3 h4 50. Kf2 Bb3 51. Kg1 Qf4 52. Nd3+ Qf6 53. Ne5 Qf5 54.
Ng4+ f6 55. Qc8 Qg6 56. f4 Qb1+ 57. Kh2 Qd3 58. fxg5 Qd6+ 59. Kh1 fxg5 60. Qc3+
Kh7 61. Qf6 Qf4 62. Qe7+ Kg6 63. Qd8 e5 64. Qd6+ Kf5 65. Qf6+ Ke4 66. Qd6 {Game
drawn by mutual agreement} 1/2-1/2

[Event "Team 45 45 League T58"]
[Site "Internet Chess Club"]
[Date "2013.09.30"]
[Round "6"]
[White "Chess-Dream"]
[Black "HematiteBrown"]
[Result "1-0"]
[WhiteElo "2092"]
[BlackElo "2004"]
[Opening "King's Indian: fianchetto, Panno variation"]
[ECO "E63"]
[Time "19:00:29"]
[TimeControl "2700+45"]

1. c4 Nf6 2. g3 g6 3. Bg2 Bg7 4. Nc3 O-O 5. d4 d6 6. Nf3 Nc6 7. O-O a6 8. Bf4
Bf5 9. Qd2 Rb8 10. Rac1 Qd7 11. Rfd1 b5 12. Nd5 Ne4 13. Qe3 e6 14. cxb5 axb5 15.
Rxc6 exd5 16. Rdc1 Rb7 17. Qb3 Be6 18. a4 Nc5 19. dxc5 Qxc6 20. cxd6 bxa4 21.
Qd1 Qa6 22. dxc7 Rxb2 23. Ng5 a3 24. Bxd5 a2 25. Nxe6 fxe6 26. Bc4 Qc8 27. Qd6
Rc2 28. Bxe6+ Kh8 29. Rxc2 a1=Q+ 30. Rc1 Qca8 31. Rxa1 Qxa1+ 32. Kg2 Qa8+ 33. f3
Re8 34. Qd7 {Black resigns} 1-0

[Event "Team 45 45 League T58"]
[Site "Internet Chess Club"]
[Date "2013.10.01"]
[Round "6"]
[White "SlimeDog2"]
[Black "minke"]
[Result "1/2-1/2"]
[WhiteElo "2050"]
[BlackElo "1933"]
[Opening "Réti opening"]
[ECO "A04"]
[Time "02:03:38"]
[TimeControl "2700+45"]

1. Nf3 d6 2. d4 g6 3. c4 Bg7 4. g3 c5 5. Bg2 Nc6 6. d5 Ne5 7. Nxe5 Bxe5 8. Qc2
Bf5 9. e4 Bd7 10. Nc3 e6 11. O-O h5 12. h4 Ne7 13. Be3 exd5 14. Nxd5 Nxd5 15.
cxd5 O-O {Game drawn by mutual agreement} 1/2-1/2

[Event "Team 45 45 League T58"]
[Site "Internet Chess Club"]
[Date "2013.10.01"]
[Round "6"]
[White "Barrett-CCSCSL"]
[Black "NFork"]
[Result "1-0"]
[WhiteElo "2130"]
[BlackElo "2148"]
[Opening "Queen's pawn game"]
[ECO "E10"]
[Time "11:04:09"]
[TimeControl "2700+45"]

1. d4 Nf6 2. c4 e6 3. Nf3 d5 4. e3 Nbd7 5. Bd3 dxc4 6. Bxc4 c5 7. O-O a6 8. a4
b6 9. Nc3 Bb7 10. Ng5 h6 11. Nxe6 fxe6 12. Bxe6 Qc7 13. d5 O-O-O 14. e4 Kb8 15.
Be3 g5 16. Qe2 Bd6 17. g3 Rde8 18. a5 b5 19. Nxb5 axb5 20. Qxb5 Ka7 21. a6 Ba8
22. b4 Rb8 23. Qa4 Nb6 24. bxc5 Bxc5 25. Qc2 Bd6 26. Qd3 Rhe8 27. Rfc1 Qd8 28.
Bf5 Be5 29. Ra5 Bc7 30. Rb5 Ng8 31. Qb1 Ne7 32. Be6 Nc6 33. Qc2 Rxe6 34. dxe6
Qd6 35. Qc4 Bd8 36. Qd5 Qe7 37. e5 Nb4 38. Qd6 Nc6 39. Rxc6 Bxc6 40. Qxc6 Kxa6
41. Rb3 Ka7 42. Qd6 Ka6 43. f4 gxf4 44. gxf4 Qg7+ 45. Kf1 Bc7 46. Qd3+ Kb7 47.
Bxb6 Bxb6 48. Qd5+ Kc8 49. Rg3 Qe7 50. f5 Bd8 51. Qc6+ Qc7 52. Qxc7+ Kxc7 53. f6
Kc6 54. Rg8 Rb5 55. e7 Rb1+ 56. Kg2 Rb2+ 57. Kf3 Rb3+ 58. Ke4 {Black resigns}
1-0

[Event "Team 45 45 League T58"]
[Site "Internet Chess Club"]
[Date "2013.09.29"]
[Round "6"]
[White "f5"]
[Black "Campagnolo"]
[Result "1-0"]
[WhiteElo "2163"]
[BlackElo "2046"]
[Opening "Caro-Kann: Steinitz variation"]
[ECO "B17"]
[Time "14:01:10"]
[TimeControl "2700+45"]

1. e4 c6 2. d4 d5 3. Nc3 dxe4 4. Nxe4 Nd7 5. Bc4 Ngf6 6. Nxf6+ Nxf6 7. c3 Qc7 8.
Qb3 e6 9. Nf3 Bd6 10. O-O O-O 11. Re1 c5 12. dxc5 Bxc5 13. Bg5 Qb6 14. Qc2 h6
15. Bxf6 gxf6 16. Re4 f5 17. Rh4 Kg7 18. Qd2 Rh8 19. Rh3 Qc7 20. Rg3+ Kf8 21.
Rd1 Be7 22. Qd4 Rh7 23. Ne5 Qc5 24. Qxc5 Bxc5 25. Rd8+ Ke7 26. Rgg8 {Black
resigns} 1-0

[Event "Team 45 45 League T58"]
[Site "Internet Chess Club"]
[Date "2013.09.29"]
[Round "6"]
[White "ben622"]
[Black "chess9793"]
[Result "1/2-1/2"]
[WhiteElo "2000"]
[BlackElo "2071"]
[Opening "Sicilian: accelerated fianchetto, modern variation with Bc4"]
[ECO "B35"]
[Time "19:02:24"]
[TimeControl "2700+45"]

1. e4 c5 2. Nf3 Nc6 3. d4 cxd4 4. Nxd4 g6 5. Nc3 Bg7 6. Be3 Nf6 7. Bc4 O-O 8.
Bb3 a5 9. a4 Ng4 10. Nxc6 Nxe3 11. Nxd8 Nxd1 12. Nxd1 Rxd8 13. c3 b6 14. Ne3 Ba6
15. Nd5 Kf8 16. Nc7 Ra7 17. Nxa6 Rxa6 18. O-O-O d6 19. Rd5 Rc8 20. Rhd1 Rc5 21.
R1d3 Ra7 22. Rxc5 bxc5 23. Rf3 Bf6 24. Kc2 Kg7 25. Rd3 Rc7 26. Bc4 h5 27. f4 h4
28. g4 hxg3 29. hxg3 g5 30. Rd5 gxf4 31. gxf4 Rc6 32. Rh5 Kg6 33. Rh1 {Game
drawn by mutual agreement} 1/2-1/2

[Event "Team 45 45 League T58"]
[Site "Internet Chess Club"]
[Date "2013.09.30"]
[Round "6"]
[White "Stryker672"]
[Black "TerryMalloy"]
[Result "1/2-1/2"]
[WhiteElo "2040"]
[BlackElo "2051"]
[Opening "Sicilian: Alapin's variation (2.c3)"]
[ECO "B22"]
[Time "18:15:21"]
[TimeControl "2700+45"]

1. e4 c5 2. c3 Nf6 3. e5 Nd5 4. d4 cxd4 5. Nf3 e6 6. cxd4 d6 7. a3 Bd7 8. Bd3
Bc6 9. O-O Nd7 10. b4 a6 11. Re1 Be7 12. Nbd2 dxe5 13. dxe5 O-O 14. Bb2 Nf4 15.
Be4 Bxe4 16. Nxe4 Nb6 17. Nd6 Qd7 18. Qd4 Nfd5 19. Qg4 f5 20. Qd4 Na4 21. Nc4
Rac8 22. Rac1 Rc7 23. Na5 Rfc8 24. g3 Nxb2 25. Qxb2 Rxc1 26. Rxc1 Rxc1+ 27. Qxc1
Bd8 28. Nb3 Bb6 29. Qc4 h6 30. Nfd4 Kf7 31. Nc5 Bxc5 32. Qxc5 b6 33. Qc6 Qxc6
34. Nxc6 Ke8 35. f4 {Game drawn by mutual agreement} 1/2-1/2